 Dungeon Crawl Stone Soup version 0.18-a0-867-gfd1cc8f (webtiles) character file.

4480 Raultor the Martial Artist (level 10, -2/90 HPs)
             Began as a Pale Draconian Monk on Dec 21, 2015.
             Was a Priest of Ashenzari.
             Slain by an orc warrior
             ... wielding a +0 glaive
              (12 damage)
             ... on level 8 of the Dungeon.
             The game lasted 00:24:51 (8132 turns).

Raultor the Martial Artist (Pale Draconian Monk)    Turns: 8132, Time: 00:24:51

Health: -2/90      AC: 11    Str: 14    XL:     10   Next: 16%
Magic:  10/10      EV: 18    Int: 11    God:    Ashenzari [***...]
Gold:   533        SH:  0    Dex: 16    Spells: 0 memorised, 9 levels left

rFire  . . .     SeeInvis +       - Unarmed
rCold  . . .     Gourm    .     (armour unavailable)
rNeg   . . .     Faith    .     (no shield)
rPois  .         Spirit   .     (helmet restricted)
rElec  .         Dismiss  .     m - +0 cloak (curse)
rCorr  .         Reflect  .     d - +1 pair of gloves (curse)
SustAt .         Harm     .     q - +0 pair of boots (curse)
MR     +....                    (no amulet)
Stlth  ++........               (no ring)
                                B - ring of protection from magic (curse) {MR+, !d}

@: somewhat resistant to hostile enchantments, unstealthy
A: breathe steam, unfitting armour, cold-blooded, AC +7
a: Breathe Steam, Scrying, Renounce Religion


You were on level 8 of the Dungeon.
You worshipped Ashenzari.
Ashenzari was most pleased with you.
You were not hungry.

You visited 2 branches of the dungeon, and saw 9 of its levels.
You also visited: Ossuary.

You collected 533 gold pieces.

Inventory:

Armour
 d - a cursed +1 pair of gloves (worn)
   (You found it on level 1 of the Dungeon)
 m - a cursed +0 cloak (worn)
   (You found it on level 2 of the Dungeon)
 q - a cursed +0 pair of boots (worn)
   (You found it on level 4 of the Dungeon)
Jewellery
 j - an uncursed amulet of dismissal
   (You found it on level 8 of the Dungeon)
 B - a cursed ring of protection from magic (left hand) {MR+, !d}
   (You found it on level 6 of the Dungeon)
Wands
 x - a wand of teleportation (4/9)
   (You found it on level 6 of the Dungeon)
Scrolls
 e - 3 scrolls of enchant weapon
 i - 4 scrolls of magic mapping {unknown}
 k - a scroll of identify
 r - 2 scrolls of curse jewellery
 s - 2 scrolls of curse weapon
 t - a scroll of curse armour
 v - 9 scrolls of remove curse
 y - 3 scrolls of noise {unknown}
 C - 3 scrolls of torment {unknown}
 E - 2 scrolls of enchant armour {unknown}
 F - 2 scrolls of teleportation {unknown}
 G - 3 scrolls of fear {unknown}
 H - 3 scrolls of fog {unknown}
 I - a scroll of random uselessness {unknown}
 J - a scroll of recharging {unknown}
Potions
 l - 3 potions of poison {!q}
 n - 3 potions of degeneration {!q}
 o - a potion of flight
 p - a potion of agility
 u - a potion of magic
 w - a potion of brilliance
 z - a potion of haste
Comestibles
 a - 3 bread rations {@e1}
 b - 7 fruits
 c - a chunk of flesh {@w0}
 f - a beef jerky
 g - 5 meat rations {@e2}
 h - 7 royal jellies
 A - a slice of pizza


   Skills:
 + Level 8.8 Fighting
 + Level 7.3(9.2) Dodging
 - Level 1.7(3.1) Stealth
 * Level 11.2 Unarmed Combat


You had 9 spell levels left.
You didn't know any spells.

Dungeon Overview and Level Annotations

Branches:
Dungeon (8/15)             Temple (1/1) D:4
   Lair: D:8-11

Altars:
Ashenzari
Cheibriados
Dithmenos
Elyvilon
Fedhas
Gozag
Kikubaaqudgha
Makhleb
Nemelex Xobeh
Okawaru
Pakellas
Qazlal
Ru
Sif Muna
Trog
Vehumet
Xom
Yredelemnul
Zin
The Shining One

Shops:
D:4 [   D:7 (


Innate Abilities, Weirdness & Mutations

You can breathe blasts of scalding, opaque steam.
Your pale cyan-grey scales are hard (AC +7).
Your body does not fit into most forms of armour.
You are cold-blooded and may be slowed by cold attacks.


Message History

You punch Chiseanne's ghost!
Your tail-slap misses Chiseanne's ghost.
Chiseanne's ghost hits you.
You take 5 damage, and have 29/90 hp.
You barely miss Chiseanne's ghost. Chiseanne's ghost barely misses you.
You hit Chiseanne's ghost but do no damage.
You tail-slap Chiseanne's ghost, but do no damage.
Chiseanne's ghost closely misses you.
You completely miss Chiseanne's ghost. Chiseanne's ghost hits you.
* * * LOW HITPOINT WARNING * * *
x2 You take 7 damage, and have 22/90 hp.
You hit Chiseanne's ghost.
Drink which item? (? for menu, Esc to quit)
It was a potion of poison.
That liquid tasted very nasty...
You are poisoned.
You feel sick. Chiseanne's ghost hits you!
* * * LOW HITPOINT WARNING * * *
x2 You take 17 damage, and have 6/90 hp.
Drink which item? (? for menu, Esc to quit)
Okay, then.
Drink which item? (? for menu, Esc to quit)
Really quaff
j - a potion of lignification {!q}?
You turn into a tree.
Your cursed +0 cloak melds into your body.
Your cursed +1 pair of gloves melds into your body.
Your cursed +0 pair of boots melds into your body.
Your roots penetrate the ground.
You feel sick.
Chiseanne's ghost hits you but does no damage.
You now have 8/135 hp.
Unknown command.
You hit Chiseanne's ghost.
You feel sick.
Chiseanne's ghost hits you but does no damage.
You take 1 damage, and have 7/135 hp.
You completely miss Chiseanne's ghost.
You feel sick. Chiseanne's ghost barely misses you.
You smack Chiseanne's ghost!
Chiseanne's ghost hits you but does no damage.
You hit Chiseanne's ghost.
You feel sick.
Chiseanne's ghost hits you but does no damage.
You take 1 damage, and have 6/135 hp.
You pummel Chiseanne's ghost!!
You destroy Chiseanne's ghost!
You feel your strength returning.
You feel sick.
You take 1 damage, and have 5/135 hp.
You start resting.
You feel sick.
You feel sick. x7
Your transformation is almost over.
You feel sick.
You take 3 damage, and have 2/135 hp.
You start resting.
You feel sick. x2
You feel less woody.
Your cursed +0 cloak unmelds from your body.
Your cursed +1 pair of gloves unmelds from your body.
Your cursed +0 pair of boots unmelds from your body.
You now have 2/90 hp.
Unknown command.
You start resting.
You feel sick.
You are no longer poisoned.
You take 1 damage, and have 1/90 hp.
You start resting.
An orc warrior comes into view.
Ashenzari warns you: It is wielding a glaive and carrying a wand of magic darts.
You regained 6 hp, and now have 7/90 hp.
j - an uncursed amulet of dismissal
There are no items here.
Put on which piece of jewellery? (? for menu, Esc to quit)
Okay, then.
You start resting.
An orc comes into view. It is wielding a whip.
The orc warrior shouts!
You see here 15 gold pieces.
Read which item? (? for menu, Esc to quit)
As you read the scroll labeled SAUCLO QAUPIWU, it crumbles to dust.
It is a scroll of enchant weapon.
You aren't carrying any weapons that can be enchanted.
The orc warrior zaps a wand.
The magic dart hits you!
The orc warrior zaps a wand.
The magic dart hits you!
The orc warrior zaps a wand.
The magic dart hits you!
* * * LOW HITPOINT WARNING * * *
You take 7 damage, and have 10/90 hp.
The orc warrior misses you.
An orc wizard comes into view. It is wielding a dagger of flaming.
An orc comes into view. It is wielding a club.
The orc shouts!
The orc warrior zaps a wand.
The magic dart hits you!
* * * LOW HITPOINT WARNING * * *
You take 2 damage, and have 9/90 hp.
The orc wizard shouts!
The orc wizard mumbles some strange words.
The orc wizard seems to speed up.
The orc warrior hits you from afar with a glaive!
You die...

##...##
#.....### ..
#.......##
#.
#........#
*.
##........##
#..o.......#
*
#..........#
#@..o$/....#
#..o..o...##
#.........#
#........##
# #........#
##
##......##
##. #.....##
##..
##...####
#..#


You could see an orc warrior, an orc wizard and 2 orcs.

Vanquished Creatures
  The ghost of Chiseanne the Jinx, a novice DsAM of Okawaru (D:8)
  A queen bee (D:8)
  The ghost of Raultor the Insei, an amateur OpTm (D:3)
  2 phantoms
  An orc warrior (D:5)
  A sky beast (D:6)
  An ice beast (D:8)
  A black bear (D:8)
  5 ogres
  3 centaurs
  3 giant frogs
  An elf zombie (Ossuary)
  5 scorpions
  16 killer bees
  A crimson imp (D:5)
  2 centaur zombies
  2 hounds
  A jelly (D:5)
  A centaur skeleton (D:4)
  3 orc wizards
  Ijyb (D:2)
  5 orc priests
  Terence (D:2)
  2 iguanas
  7 worker ants
  A big kobold zombie (Ossuary)
  A hound zombie (D:5)
  3 mummies (Ossuary)
  2 hound skeletons
  Robin (D:2)
  4 gnolls
  9 adders
  4 adder zombies (Ossuary)
  2 worms
  5 giant geckos
  34 orcs
  A ball python (D:6)
  9 bats
  5 giant cockroaches
  6 hobgoblins
  5 jackals
  A giant gecko zombie (D:7)
  6 giant newts
  14 goblins (D:2)
  2 goblin zombies (Ossuary)
  A hobgoblin zombie (Ossuary)
  14 kobolds
  A kobold zombie (Ossuary)
  3 quokkas
  A quokka skeleton (D:6)
  2 quokka zombies (Ossuary)
  15 rats
  6 rat zombies (Ossuary)
  2 plants (D:1)
228 creatures vanquished.

Notes
Turn   | Place    | Note
--------------------------------------------------------------
     0 | D:1      | Raultor the Draconian Monk began the quest for the Orb.
     0 | D:1      | Reached XP level 1. HP: 19/19 MP: 1/1
   132 | D:1      | Reached XP level 2. HP: 16/26 MP: 2/2
   253 | D:1      | Reached skill level 3 in Dodging
   730 | D:1      | Reached XP level 3. HP: 25/31 MP: 3/3
   928 | D:2      | Noticed Robin
   934 | D:2      | Killed Robin
  1174 | D:2      | Noticed Ijyb
  1210 | D:2      | Noticed Terence
  1214 | D:2      | Killed Ijyb
  1214 | D:2      | Reached skill level 5 in Unarmed Combat
  1214 | D:2      | Reached XP level 4. HP: 40/40 MP: 4/4
  1238 | D:2      | Killed Terence
  1393 | D:2      | Reached skill level 4 in Fighting
  1399 | D:2      | Found a white marble altar of Elyvilon.
  1653 | D:3      | Noticed Raultor's ghost (amateur OpTm)
  1662 | D:3      | Killed Raultor's ghost
  1662 | D:3      | Reached XP level 5. HP: 43/47 MP: 5/5
  1805 | D:3      | Found an oddly glowing altar of Pakellas.
  1985 | D:3      | Reached XP level 6. HP: 53/53 MP: 6/6
  2021 | D:3      | Reached skill level 4 in Dodging
  2021 | D:3      | Reached skill level 6 in Unarmed Combat
  2729 | D:4      | Found a staircase to the Ecumenical Temple.
  2735 | D:4      | Reached skill level 5 in Fighting
  2740 | Temple   | Entered the Ecumenical Temple
  2788 | Temple   | Became a worshipper of Ashenzari the Shackled
  2788 | Temple   | Reached * piety under Ashenzari
  2788 | Temple   | Reached ** piety under Ashenzari
  2891 | D:4      | Found Rat Homp's Armour Shoppe.
  2915 | D:3      | Your scales start taking on a pale cyan-grey colour.
  2915 | D:3      | Reached XP level 7. HP: 47/61 MP: 7/7
  3109 | D:4      | Reached skill level 7 in Unarmed Combat
  3376 | D:5      | Entered Level 5 of the Dungeon
  3566 | D:4      | HP: 13/62 [giant frog (4)]
  3856 | D:4      | Reached skill level 6 in Fighting
  3856 | D:4      | Reached skill level 5 in Dodging
  3856 | D:4      | Reached XP level 8. HP: 40/70 MP: 8/8
  4077 | D:5      | Reached skill level 8 in Unarmed Combat
  4097 | D:5      | Found an iron altar of Okawaru.
  4488 | D:5      | Found a stormy altar of Qazlal.
  4491 | D:5      | Found a deep blue altar of Sif Muna.
  4494 | D:5      | Found a shadowy altar of Dithmenos.
  4983 | D:6      | Reached skill level 9 in Unarmed Combat
  5011 | D:6      | Found a shimmering altar of Xom.
  5078 | D:6      | Reached skill level 7 in Fighting
  5405 | D:6      | Reached XP level 9. HP: 79/79 MP: 9/9
  5612 | D:7      | Found a sand-covered staircase.
  5628 | Ossuary  | Entered an ossuary
  5669 | Ossuary  | Reached skill level 6 in Dodging
  6137 | D:7      | Reached *** piety under Ashenzari
  6172 | D:7      | Found Ciw Lub's Weapon Boutique.
  6266 | D:7      | Reached skill level 10 in Unarmed Combat
  6550 | D:8      | HP: 20/81 [killer bee (1)]
  6559 | D:8      | HP: 18/81 [killer bee (4)]
  6564 | D:8      | HP: 8/81 [poisoned by a killer bee]
  6570 | D:8      | HP: 8/81 [poisoned by a killer bee]
  6574 | D:8      | Reached skill level 8 in Fighting
  6577 | D:8      | HP: 8/81 [poisoned by a killer bee]
  6582 | D:7      | HP: 8/81 [poisoned by a killer bee]
  6589 | D:7      | HP: 8/81 [poisoned by a killer bee]
  7009 | D:8      | Noticed Chiseanne's ghost (novice DsAM)
  7040 | D:8      | HP: 7/81 [Chiseanne's ghost (14)]
  7040 | D:8      | HP: 3/81 [Chiseanne's ghost (4)]
  7870 | D:8      | Reached skill level 7 in Dodging
  7936 | D:8      | Reached skill level 11 in Unarmed Combat
  7936 | D:8      | Reached XP level 10. HP: 73/90 MP: 10/10
  8026 | D:8      | HP: 22/90 [Chiseanne's ghost (1)]
  8028 | D:8      | HP: 8/90 [Chiseanne's ghost (13)]
  8033 | D:8      | HP: 6/135 [poison (a potion of poison)]
  8034 | D:8      | Killed Chiseanne's ghost
  8038 | D:8      | HP: 4/135 [poison (a potion of poison)]
  8043 | D:8      | HP: 2/135 [poison (a potion of poison)]
  8048 | D:8      | HP: 2/135 [poison (a potion of poison)]
  8055 | D:8      | HP: 2/135 [poison (a potion of poison)]
  8063 | D:8      | HP: 1/90 [poison (a potion of poison)]
  8127 | D:8      | HP: 10/90 [orc warrior/wand of magic darts (7)]
  8132 | D:8      | Slain by an orc warrior

Vault maps used:
D:1:      dpeg_arrival_orchard, lexackson_kobold_supper
D:2:      old_standard_altar, uniq_terence, uniq_iyjb, uniq_robin
D:3:      grunt_pakellas_basics, first_bread
D:4:      minmay_temple_entry_overgrown, serial_shops, shop
D:5:      grunt_temple_overflow_cloverleaf, kennysheep_generic_room_15
D:6:      nicolae_overflow_crystal_walls, hangedman_decor_points,
          nicolae_water_bricks, grunt_ministairs_14
D:7:      serial_shops, shop_fountains, enter_ossuary_1
D:8:      david_nohive_1, kennysheep_generic_room_10
Temple:   nicolae_temple_god_jail
Ossuary:  ossuary_minmay_chase

Action                   |  1- 3 |  4- 6 |  7- 9 | 10-12 || total
-------------------------+-------+-------+-------+-------++-------
Melee: Unarmed           |   220 |   190 |   515 |    35 ||   960
 Abil: Breathe Steam     |       |       |    18 |       ||    18
  Use: Scroll            |       |     3 |     7 |     1 ||    11
       Potion            |       |       |     6 |     2 ||     8
 Stab: Sleeping          |     2 |     7 |     8 |       ||    17
       Distracted        |       |     1 |     1 |       ||     2
       Invisible         |       |       |     4 |       ||     4
  Eat: Chunk             |     1 |     6 |    13 |       ||    20
       Bread ration      |       |       |     1 |       ||     1
       Beef jerky        |       |       |     1 |       ||     1

Vault maps used:
D:1:      dpeg_arrival_orchard, lexackson_kobold_supper
D:2:      old_standard_altar, uniq_terence, uniq_iyjb, uniq_robin
D:3:      grunt_pakellas_basics, first_bread
D:4:      minmay_temple_entry_overgrown, serial_shops, shop
D:5:      grunt_temple_overflow_cloverleaf, kennysheep_generic_room_15
D:6:      nicolae_overflow_crystal_walls, hangedman_decor_points,
          nicolae_water_bricks, grunt_ministairs_14
D:7:      serial_shops, shop_fountains, enter_ossuary_1
D:8:      david_nohive_1, kennysheep_generic_room_10
Temple:   nicolae_temple_god_jail
Ossuary:  ossuary_minmay_chase

Table legend:
 A = Turns spent in this place as a percentage of turns spent in the entire game.
 B = Non-inter-level travel turns spent in this place as a percentage of non-inter-level travel turns spent in the entire game.
 C = Inter-level travel turns spent in this place as a percentage of turns spent in this place.
 D = Turns resting spent in this place as a percentage of non-inter-level travel turns spent in this place.
 E = Turns spent auto-exploring this place as a percentage of non-inter-level travel turns spent in this place.
 F = Non-inter-level travel turns spent in this place divided by the number of levels of this place that you've seen.
                   A       B       C       D       E      F
               +-------+-------+-------+-------+-------+----------------------
         Total | 100.0 | 100.0 |   0.7 |   2.9 |   9.4 | 251.3
       Dungeon |  93.8 |  93.8 |   0.7 |   3.1 |   8.8 | 294.8
        Temple |   0.9 |   0.9 |   4.2 |   0.0 |  52.2 |  23.0
       Ossuary |   5.2 |   5.3 |   0.0 |   0.0 |  12.9 | 132.0
               +-------+-------+-------+-------+-------+----------------------

Table legend:
 A = Kills in this place as a percentage of kills in entire the game.
 B = Kills by you in this place as a percentage of kills by you in the entire game.
 C = Kills by friends in this place as a percentage of kills by friends in the entire game.
 D = Other kills in this place as a percentage of other kills in the entire game.
 E = Experience gained in this place as a percentage of experience gained in the entire game.
 F = Experience gained in this place divided by the number of levels of this place that you have seen.
                   A       B       C       D       E      F
               +-------+-------+-------+-------+-------+----------------------
         Total | 100.0 | 100.0 |  -nan |  -nan | 100.0 | 640.1
       Dungeon |  90.7 |  90.7 |  -nan |  -nan |  96.8 | 774.6
       Ossuary |   9.3 |   9.3 |  -nan |  -nan |   3.2 | 204.0
               +-------+-------+-------+-------+-------+----------------------
